 Dungeon Crawl Stone Soup version 0.23.2-1-ga50397a (webtiles) character file.

Game seed: 55948763330118154

359 teukkam the Skirmisher (level 6, 0/56 HPs)
             Began as a Minotaur Berserker on May 24, 2019.
             Was a Believer of Trog.
             Killed from afar by a smoke demon (7 damage)
             ... with a ball of steam
             ... on level 1 of the Abyss on May 25, 2019.
             The game lasted 00:13:33 (3049 turns).

teukkam the Skirmisher (Minotaur Berserker)         Turns: 3049, Time: 00:13:34

Health: 0/56       AC:  6    Str: 28    XL:     6   Next: 37%
Magic:  5/5        EV: 11    Int:  9    God:    Trog [**....]
Gold:   252        SH:  0    Dex:  6    Spells: 5/5 levels left

rFire    + . .     SeeInvis +   a - +5 quarterstaff "Zaff" {elec, rElec rPois Dex-4 SInv}
rCold    + . .     Gourm    .   (shield currently unavailable)
rNeg     . . .     Faith    .   l - +1 ring mail
rPois    +         Spirit   .   (helmet restricted)
rElec    +         Reflect  .   m - scarf {rC+ rF+}
rCorr    .         Harm     .   (no gloves)
MR       .....                  (no boots)
Stlth    ..........             (no amulet)
HPRegen  0.18/turn              r - ring of attention (curse)
MPRegen  0.09/turn              (no ring)

@: mighty, brilliant, liquid flames, berserk cooldown, slowed, glowing, very
slow
A: retaliatory headbutt, horns 2
a: Berserk, Trog's Hand, Renounce Religion


You were on level 1 of the Abyss.
You worshipped Trog.
Trog was pleased with you.
You were hungry.

You visited 1 branch of the dungeon, and saw 5 of its levels.
You visited the Abyss 1 time.

You collected 252 gold pieces.

Inventory:

Hand Weapons
 a - the +5 quarterstaff "Zaff" (weapon) {elec, rElec rPois Dex-4 SInv}
   (You found it on level 4 of the Dungeon)

   Occasionally, upon striking a foe, it will discharge some electrical energy
   and cause terrible harm.
   It affects your dexterity (-4).
   It insulates you from electricity.
   It protects you from poison.
   It lets you see invisible.
 b - a +1 hunting sling
 t - a +2 dagger of venom
 v - a +0 war axe
Missiles
 u - 31 stones (quivered)
Armour
 i - a +0 shield
 l - a +1 ring mail (worn)
 m - a scarf of resistance (worn)
Jewellery
 j - a cursed ring of teleportation {unknown}
 r - a cursed ring of attention (left hand)
Wands
 n - a wand of paralysis (7)
Scrolls
 d - 2 scrolls of identify
 f - 4 scrolls of fear {unknown}
 g - 5 scrolls of teleportation
 s - 3 scrolls of magic mapping {unknown}
 x - a scroll of immolation {unknown}
Potions
 h - a potion of mutation
 p - 3 potions of curing {unknown}
 q - a potion of flight {unknown}
 w - a potion of ambrosia {unknown}
Comestibles
 c - 5 rations


   Skills:
 + Level 5.0 Fighting
 - Level 0.8 Short Blades
 - Level 4.5 Axes
 + Level 1.0 Staves
 + Level 2.6 Slings
 + Level 4.1 Armour
 + Level 3.7 Dodging
 + Level 1.9 Shields


You had 5 spell levels left.
You didn't know any spells.
Your spell library was empty.

Dungeon Overview and Level Annotations

Branches:
Dungeon (5/15)             Temple (0/1) D:4

Altars:
Dithmenos
Gozag


Innate Abilities, Weirdness & Mutations

You reflexively headbutt those who attack you in melee.
You have a pair of horns on your head.


Message History

The smoke demon gestures at you. The sticky flame hits you. You resist.
You are covered in liquid flames!
You hit the efreet.
The efreet is lightly wounded.
You are covered in liquid flames!
The smoke demon gestures at you. The sticky flame hits you. You resist.
You are covered in liquid flames!
The efreet hits you with a +1 scimitar of flaming.
It was a potion of might.
You feel very mighty all of a sudden.
You are covered in liquid flames!
The efreet hits you with a +1 scimitar of flaming!
* * * LOW HITPOINT WARNING * * *
The efreet burns you.
* * * LOW HITPOINT WARNING * * *
The smoke demon gestures at you. The ball of steam hits you! You resist.
You die...

# .. .# . #.
#. .# .#
#..#.##
.###.# #
..##.# .....
# ....# ....
.. #..# .3#
#.##.##§##
#....R@..#
...###°####.#
#.# #○# #○#
#○# #○# ...
#...# #..#○


You could see a smoke demon and an efreet.

Vanquished Creatures
  A bullfrog (D:3)
  A scorpion (D:4)
  A bullfrog skeleton (D:2)
  2 orc wizards
  2 worker ants (D:4)
  2 gnolls (D:5)
  4 adders
  A shadow imp (D:5)
  2 worms
  5 orcs
  A giant cockroach (D:3)
  4 goblins
  8 hobgoblins
  3 kobolds
  A quokka (D:4)
  2 ball pythons (D:2)
  5 bats (D:2)
  6 frilled lizards
  9 rats
60 creatures vanquished.

Notes
Turn   | Place    | Note
-------+----------+-------------------------------------------
     0 | D:1      | teukkam the Minotaur Berserker began the quest for the Orb.
     0 | D:1      | Reached XP level 1. HP: 19/19 MP: 0/0
   558 | D:1      | Reached XP level 2. HP: 27/27 MP: 1/1
  1095 | D:3      | Reached skill level 4 in Fighting
  1098 | D:3      | Reached XP level 3. HP: 19/33 MP: 2/2
  1130 | D:3      | Noticed a bullfrog
  1137 | D:3      | Reached skill level 1 in Slings
  1142 | D:3      | Killed a bullfrog
  1142 | D:3      | Reached XP level 4. HP: 5/41 MP: 3/3
  1145 | D:3      | Reached ** piety under Trog
  1643 | D:2      | Reached XP level 5. HP: 33/47 MP: 4/4
  2437 | D:4      | Reached skill level 1 in Shields
  2457 | D:4      | Found an opulent altar of Gozag.
  2500 | D:4      | Got a bone quarterstaff
  2506 | D:4      | Identified the +5 quarterstaff "Zaff" {elec, rElec rPois
                  | Dex-4 SInv} (You found it on level 4 of the Dungeon)
  2507 | D:4      | Found a staircase to the Ecumenical Temple.
  2610 | D:4      | Reached XP level 6. HP: 55/55 MP: 5/5
  2676 | D:4      | Found a shadowy altar of Dithmenos.
  2882 | D:5      | Entered Level 5 of the Dungeon
  2915 | D:5      | Reached skill level 5 in Fighting
  2955 | D:5      | Reached skill level 1 in Staves
  3029 | D:5      | Cast into level 1 of the Abyss (gnoll)
  3040 | Abyss:1  | Noticed an efreet
  3047 | Abyss:1  | Noticed a smoke demon
  3049 | Abyss:1  | Killed from afar by a smoke demon

Skill      XL: |  1  2  3  4  5  6 |
---------------+-------------------+-----
Fighting       | 4 5 |  5.0
Axes           | 4 |  4.5
Armour         | 3 4 |  4.1
Slings         | 1 2 |  2.6
Dodging        | 3 |  3.7
Shields        | 1 |  1.9
Staves         | 1 |  1.0
Short Blades   | |  0.8

Action                   |  1- 3 |  4- 6 || total
-------------------------+-------+-------++-------
Melee: Hand axe          |    42 |     2 ||    44
       Headbutt          |     3 |    13 ||    16
       War axe           |       |    61 ||    61
       Dagger            |       |    15 ||    15
       Quarterstaff      |       |    18 ||    18
 Fire: Hunting sling     |     3 |       ||     3
Invok: Berserk           |     1 |     1 ||     2
  Use: Scroll            |       |     8 ||     8
       Potion            |       |     3 ||     3
  Eat: Chunk             |     1 |     3 ||     4
       Ration            |       |     1 ||     1
Armor: Animal skin       |     2 |       ||     2
       Ring mail         |    10 |    38 ||    48
Dodge: Dodged            |    36 |    47 ||    83
Block: Shield            |       |    20 ||    20
